 Dungeon Crawl Stone Soup version 0.28-a0-46-g7b1be97da7 (webtiles) character file.

Game seed: 7334767009650771780

17628 PentaManta the Grappler (level 12, -5/127 HPs)
             Began as a Troll Abyssal Knight on July 29, 2021.
             Was the Champion of Lugonu.
             Hit by a large rock thrown by a cyclops (17 damage)
             ... on level 12 of the Dungeon.
             The game lasted 00:27:04 (8737 turns).

PentaManta the Grappler (Troll Abyssal Knight)      Turns: 8737, Time: 00:27:05

Health: -5/127     AC: 12    Str: 29    XL:     12   Next: 20%
Magic:  16/17      EV: 10    Int: 12    God:    Lugonu [******]
Gold:   491        SH:  0    Dex:  9    Spells: 11/11 levels left

rFire   . . .      SeeInvis .     - Unarmed
rCold   . . .      Faith    .   (no shield)
rNeg    . . .      Spirit   .   M - +0 steam dragon scales
rPois   .          Reflect  .   (helmet restricted)
rElec   .          Harm     .   D - +0 cloak
rCorr   .          Rampage  .   (gloves unavailable)
Will    .....                   (boots unavailable)
Stlth   +.........              i - amulet of regeneration
HPRegen 2.31/turn               j - +4 ring of protection
MPRegen 0.15/turn               n - +6 ring of strength

@: no status effects
A: large, unfitting armour, claws 3, regeneration 1, shaggy fur 1, tough skin 1
a: Renounce Religion, Depart the Abyss, Bend Space, Banish, Corrupt, Enter the
Abyss, Brand Weapon With Distortion


You were on level 12 of the Dungeon.
You worshipped Lugonu.
Lugonu was exalted by your worship.
You visited 1 branch of the dungeon, and saw 12 of its levels.
You visited the Abyss 1 time.

You collected 684 gold pieces.
You spent 193 gold pieces at shops.

Inventory:

Hand Weapons
 J - a +2 short sword of venom
 N - the +4 spear "Ditreon" {distort, Fragile rElec rPois rN+}
   (You found it on level 10 of the Dungeon)

   It warps and distorts space around it, and may blink, banish, or inflict
   extra damage upon those it strikes.
   Unwielding it can cause banishment or high damage.
   rElec:     It insulates you from electricity.
   rPois:     It protects you from poison.
   rN:        It protects you from negative energy.
   Fragile:   It will be destroyed if unequipped.
 R - a +0 fustibalus
Missiles
 b - 7 curare-tipped darts
 k - a throwing net
 p - 48 poisoned darts
 s - 10 javelins
 y - 17 large rocks
Armour
 D - a +0 cloak (worn)
 E - a +1 robe of fire resistance
 H - a scarf of shadows
 I - a +0 troll leather armour
 M - +0 steam dragon scales (worn)
Jewellery
 i - an amulet of regeneration (around neck)
 j - a +4 ring of protection (left claw)
 n - a +6 ring of strength (right claw)
 q - an amulet of the acrobat
 u - a ring of positive energy
 B - a ring of resist corrosion
 O - a ring of flight
 P - an amulet of magic regeneration
Wands
 m - a wand of iceblast (7)
 v - a wand of paralysis (5)
 C - a wand of charming (8)
Scrolls
 a - a scroll of summoning {unknown}
 d - a scroll of fear
 f - 4 scrolls of amnesia
 l - 8 scrolls of identify
 o - 2 scrolls of magic mapping
 t - a scroll of vulnerability
 x - a scroll of acquirement {unknown}
 F - a scroll of enchant armour {unknown}
 K - 2 scrolls of brand weapon {unknown}
Potions
 c - a potion of cancellation
 e - 4 potions of heal wounds
 g - 4 potions of curing
 h - a potion of haste
 r - 2 potions of ambrosia
 w - a potion of lignification {unknown}
 z - a potion of brilliance {unknown}
 A - a potion of flight {unknown}
 G - a potion of degeneration {unknown}
 L - 2 potions of might {unknown}
 Q - 3 potions of resistance {unknown}


   Skills:
 * Level 10.4 Fighting
 - Level 1.3 Throwing
 + Level 2.6 Armour
 + Level 3.4 Dodging
 + Level 12.1 Unarmed Combat
 - Level 9.0 Invocations


You had 11 spell levels left.
You didn't know any spells.
Your spell library contained the following spells:

 Spells                   Type           Power      Damage    Failure   Level
 Corona                   Hex            0%         N/A       32%         1
 Sting                    Tmut/Pois      0%         1d3       32%         1
 Ensorcelled Hibernation  Hex/Ice        0%         N/A       45%         2
 Poisonous Vapours        Pois/Air       0%         N/A       45%         2
 Tukima's Dance           Hex            0%         N/A       69%         3
 Olgreb's Toxic Radiance  Pois           0%         N/A       97%         4


Dungeon Overview and Level Annotations

Branches:
Dungeon (12/15)            Temple (0/1) D:4            Lair (0/6) D:8
    Orc (0/2) D:9

Altars:
Ashenzari
Cheibriados
Dithmenos
Gozag
Hepliaklqana
Makhleb
Nemelex Xobeh
Ru
Trog
Vehumet
Wu Jian
Yredelemnul
Zin

Shops:
D:3 !(?   D:5 *

Annotations:
D:1 exclusion: fungus


Innate Abilities, Weirdness & Mutations

You are too large for most types of armour.
You have claws for hands.
Your natural rate of healing is unusually fast.
You are covered in fur. (AC +1)
You have tough skin. (AC +1)


Message History

Lugonu accepts your kill.
A cyclops comes into view.
The cyclops shouts!
The vampire hits you. The vampire bites you.
The vampire draws strength from your injuries!
There is an open door, spattered with blood here.
Things that are here:
a +0 giant club; a +0 giant spiked club; a two-headed ogre corpse The vampire hits you but does no damage.
The vampire bites you.
The vampire draws strength from your injuries!
You mangle the vampire!!
The vampire is severely damaged.
The vampire closely misses you. The vampire bites you.
The vampire draws strength from your injuries!
The cyclops hits you.
You barely miss the vampire.
The vampire is heavily damaged.
The vampire hits you but does no damage.
The vampire barely misses you.
You barely miss the vampire.
The vampire is heavily damaged.
The cyclops hits you!
The vampire gestures wildly while chanting.
The vampire flickers and vanishes!
Deactivating autopickup; reactivate with Ctrl-A.
You miss something. You closely miss something.
Something hits you but does no damage. Something bites you!
Something draws strength from your injuries!
The cyclops hits you!!
* * * LOW HITPOINT WARNING * * *
You scratch something. Something hits you!
* * * LOW HITPOINT WARNING * * *
Something bites you but does no damage. The cyclops closely misses you.
You completely miss something. Something draws life force from you.
* * * LOW HITPOINT WARNING * * *
Space bends around you!
You blink.
The cyclops throws a large rock.
The large rock hits you!
You die...

#...#.......
+...#.......
#...#....... .)
#...#.....
#...##..##..######
#......C#...#....#
+.......)...#....#
#.......#...#....#
#####..###@##....#
....#.........#
......#.........#
##################.....#
.......................#
.......................#
#'########..############
.........#.............#
.........#.............#


You could see a cyclops.

Vanquished Creatures
  3 two-headed ogres
  An obsidian statue (D:10)
  A manticore (D:11)
  3 cyclopes
  6 trolls
  5 slime creatures (D:12)
  A meliai zombie (D:11)
  Sigmund (D:3)
  A shadow (D:6)
  24 yaks
  A steam dragon (D:9)
  Grum (D:11)
  Menkaure (D:7)
  3 water moccasins (D:8)
  2 ice beasts
  A sky beast (D:7)
  7 orc warriors
  4 black bears
  9 ogres
  2 wolves (D:11)
  11 centaurs
  4 kobold brigands (D:9)
  6 bullfrogs
  2 scorpions
  2 wyvern zombies
  4 gnoll sergeants
  A water moccasin skeleton (D:6)
  8 killer bees (D:8)
  8 wights
  6 howler monkeys
  A bullfrog zombie (D:5)
  8 centaur zombies
  A gnoll shaman (D:10)
  2 hounds
  A centaur skeleton (D:7)
  10 orc priests
  A bullfrog skeleton (D:4)
  3 jellies
  Ijyb (D:3)
  6 iguanas
  5 orc wizards
  4 howler monkey zombies (D:9)
  Robin (D:3)
  2 adders
  18 gnolls
  A white imp (D:7)
  An ufetubus (D:5)
  An adder skeleton (D:4)
  2 worms (D:2)
  6 dart slugs
  48 orcs
  3 bats (D:1)
  9 endoplasms
  8 giant cockroaches
  8 goblins
  8 hobgoblins
  15 jackals
  4 quokkas
  9 ball pythons
  6 frilled lizards
  15 kobolds
  7 rats
344 creatures vanquished.

Vanquished Creatures (others)
  19 fungi (D:8)
  23 plants
42 creatures vanquished.

Grand Total: 386 creatures vanquished

Notes
Turn   | Place    | Note
-------+----------+-------------------------------------------
     0 | Abyss:1  | PentaManta the Troll Abyssal Knight began the quest for the
                  | Orb.
     0 | Abyss:1  | Reached XP level 1. HP: 22/22 MP: 1/1
    50 | Abyss:2  | Noticed a wretched star
    54 | Abyss:2  | Noticed a smoke demon
    55 | D:1      | Escaped the Abyss
   410 | D:1      | Reached XP level 2. HP: 23/23 MP: 2/2
   454 | D:1      | Reached skill level 3 in Unarmed Combat
   493 | D:1      | Noticed an eye of devastation
   495 | D:1      | Found a faded altar of an unknown god.
   496 | D:1      | Reached * piety under Lugonu
   497 | D:1      | Noticed an eye of devastation
   497 | D:1      | Noticed a shining eye
   497 | D:1      | Noticed a golden eye
   521 | D:1      | Reached XP level 3. HP: 26/28 MP: 3/3
   936 | D:2      | Reached skill level 4 in Unarmed Combat
  1102 | D:2      | Reached ** piety under Lugonu
  1254 | D:2      | Reached XP level 4. HP: 39/39 MP: 4/4
  1716 | D:3      | Found a radiant altar of Vehumet.
  1758 | D:3      | Found a hazy altar of Hepliaklqana.
  1859 | D:3      | Found Buubrewk's Distillery.
  1865 | D:3      | Bought a potion of heal wounds for 50 gold pieces
  1881 | D:3      | Reached skill level 5 in Unarmed Combat
  1898 | D:3      | Noticed Robin
  1917 | D:3      | Killed Robin
  1944 | D:3      | Noticed an ogre
  1950 | D:3      | Killed an ogre
  1951 | D:3      | Reached skill level 6 in Unarmed Combat
  1951 | D:3      | Reached XP level 5. HP: 45/45 MP: 5/5
  2084 | D:3      | Noticed Ijyb
  2099 | D:3      | Killed Ijyb
  2129 | D:3      | Found Zeul Leu's Weapon Boutique.
  2145 | D:3      | Reached XP level 6. HP: 29/59 MP: 6/6
  2248 | D:3      | Found Tupac's Magic Scroll Boutique.
  2251 | D:3      | Bought a scroll of teleportation for 33 gold pieces
  2251 | D:3      | Bought a scroll of magic mapping for 38 gold pieces
  2288 | D:3      | Noticed Sigmund
  2292 | D:3      | Killed Sigmund
  2293 | D:3      | Reached skill level 7 in Unarmed Combat
  2669 | D:4      | Found a staircase to the Ecumenical Temple.
  2704 | D:4      | Reached XP level 7. HP: 58/66 MP: 7/7
  2744 | D:4      | Reached *** piety under Lugonu
  2745 | D:4      | Reached skill level 8 in Unarmed Combat
  2758 | D:4      | Found a snail-covered altar of Cheibriados.
  2863 | D:4      | Found a burning altar of Makhleb.
  2981 | D:4      | Found a sacrificial altar of Ru.
  2990 | D:4      | Reached skill level 1 in Throwing
  3151 | D:4      | Found Piypn's Armour Shoppe.
  3160 | D:4      | Found an ornate altar of the Wu Jian Council.
  3238 | D:5      | Entered Level 5 of the Dungeon
  3293 | D:5      | Found a bloodstained altar of Trog.
  3322 | D:5      | Found a broken altar of Ashenzari.
  3323 | D:5      | Found a shadowy altar of Dithmenos.
  3415 | D:5      | Reached XP level 8. HP: 75/75 MP: 9/9
  3565 | D:5      | Found Viteymoa's Assorted Antiques.
  3581 | D:5      | Bought 2 bubbling red potions for 46 gold pieces
  3581 | D:5      | Bought a scroll labelled ECKEOV PANGEVOZ for 26 gold pieces
  3665 | D:5      | Found a sparkling altar of Nemelex Xobeh.
  3820 | D:6      | Reached **** piety under Lugonu
  3834 | D:6      | Noticed a troll
  3841 | D:6      | Killed a troll
  3937 | D:6      | Reached skill level 5 in Fighting
  3937 | D:6      | Reached skill level 5 in Invocations
  3959 | D:6      | Reached XP level 9. HP: 88/88 MP: 11/11
  4051 | D:6      | Reached skill level 9 in Unarmed Combat
  4534 | D:7      | Noticed Menkaure
  4540 | D:7      | Killed Menkaure
  4548 | D:7      | Noticed a cyclops
  4555 | D:7      | Killed a cyclops
  4813 | D:7      | Reached ***** piety under Lugonu
  5020 | D:8      | Reached XP level 10. HP: 96/100 MP: 14/14
  5082 | D:8      | Noticed a two-headed ogre
  5119 | D:8      | Killed a two-headed ogre
  5120 | D:8      | Reached skill level 10 in Unarmed Combat
  5392 | D:8      | Found a staircase to the Lair.
  5749 | D:9      | Noticed a two-headed ogre
  5759 | D:9      | HP: 3/104 [two-headed ogre (9)]
  5961 | D:9      | Identified the +0 helmet of the Cartwright {Int+2}
  5968 | D:9      | Found a staircase to the Orcish Mines.
  6134 | D:9      | Reached XP level 11. HP: 95/102 MP: 16/16
  6280 | D:9      | Found a basalt altar of Yredelemnul.
  6563 | D:10     | Entered Level 10 of the Dungeon
  6583 | D:10     | Reached skill level 11 in Unarmed Combat
  6681 | D:10     | Found a glowing silver altar of Zin.
  6681 | D:10     | Found an opulent altar of Gozag.
  6762 | D:10     | Identified the +4 spear "Ditreon" {distort, Fragile rElec
                  | rPois rN+}
  6938 | D:10     | Noticed an obsidian statue
  7055 | D:10     | Killed an obsidian statue
  7401 | D:10     | Reached ****** piety under Lugonu
  7770 | D:11     | Noticed a two-headed ogre
  7775 | D:11     | Killed a two-headed ogre
  7776 | D:11     | Reached skill level 1 in Armour
  7925 | D:11     | Reached skill level 10 in Fighting
  8006 | D:11     | Noticed Grum
  8029 | D:11     | Killed Grum
  8158 | D:12     | Reached skill level 12 in Unarmed Combat
  8158 | D:12     | Reached XP level 12. HP: 86/126 MP: 17/17
  8718 | D:12     | Noticed a two-headed ogre
  8726 | D:12     | Killed a two-headed ogre
  8737 | D:12     | Hit by a large rock thrown by a cyclops

Illustrated notes

Levels and vault maps discovered:
D:1:      dpeg_cavernosity, layout_basic,
          hellmonk_ecumenical_altar_watching_god, serial_bayou_ford_a
D:2:      layout_loops_ring, minmay_statues_item, chequers_big_river
D:3:      layout_basic, nicolae_vehumet_radiance, old_standard_altar,
          serial_shops, nicolae_shop_behind_doors, shop, nicolae_shop_trees,
          uniq_sigmund, uniq_robin, uniq_ijyb
D:4:      layout_rooms, overflow_temple_1_default,
          nicolae_ru_sacrificial_ziggurat, nicolae_wu_jian_immortal_techniques,
          old_standard_altar, minmay_temple_entry_statues_pillars,
          kennysheep_windowed_goal
D:5:      layout_rooms, mainiacjoe_overflow_tiny_flanked,
          gammafunk_temple_overflow_forgotten, serial_shops,
          nicolae_shop_overgrown_old_shop, chequers_serial_rivers_small_b,
          chequers_garden, amethyst_killhole
D:6:      layout_basic, kb_rosetta
D:7:      layout_rooms, uniq_menkaure
D:8:      layout_rooms, due_lair_maze_entry_diamond
D:9:      minmay_evil_eye, layout_loops_ring, nicolae_yredelemnul_corpse_copse,
          kennysheep_orc_monster_closet_entryway
D:10:     layout_small_grid, grunt_temple_overflow_gold_and_silver, special_room
          [special_room_orc], minmay_statue_bubble
D:11:     layout_long_grid, uniq_grum
D:12:     layout_grid_maze, kennysheep_diamond, okawaru_metal_pillars_1_2

Skill      XL: |  1  2  3  4  5  6  7  8  9 10 11 |
---------------+----------------------------------+-----
Unarmed Combat | 3 4 6 7 8 9 10 12 | 12.1
Invocations    | 3 5 7 9 |  9.0
Throwing       | 1 |  1.3
Fighting       | 3 5 6 8 10 | 10.4
Dodging        | 3 |  3.4
Armour         | 2 |  2.6

Action                   |  1- 3 |  4- 6 |  7- 9 | 10-12 || total
-------------------------+-------+-------+-------+-------++-------
Melee: Unarmed           |   127 |   112 |   298 |   557 ||  1094
       Punch             |     2 |     3 |    11 |    38 ||    54
Throw: Dart              |       |     2 |       |       ||     2
Invok: Depart the Abyss  |     1 |       |       |       ||     1
       Bend Space        |       |     1 |     2 |     2 ||     5
Evoke: Wand              |       |     2 |       |       ||     2
  Use: Scroll            |       |       |     8 |       ||     8
       Potion            |       |       |     1 |     1 ||     2
 Stab: Sleeping          |     1 |     1 |       |       ||     2
Armor: Robe              |    52 |    46 |   122 |    83 ||   303
       Troll leather arm |       |       |       |    74 ||    74
       Steam dragon scal |       |       |       |   153 ||   153
Dodge: Dodged            |    53 |    40 |   133 |   313 ||   539

Table legend: (Time is in decaauts)
 A = Elapsed time spent in this place.
 B = Non-inter-level travel time spent in this place.
 C = Inter-level travel time spent in this place.
 D = Time resting spent in this place.
 E = Time spent auto-exploring this place.
 F = Levels seen in this place.
 G = Mean time per level.
                   A        B        C        D        E       F      G
               +--------+--------+--------+--------+--------+-----+--------+
         Total |   8612 |   8389 |    223 |    341 |   5860 |  14 |  615.1 |
       Dungeon |   8557 |   8334 |    223 |    341 |   5859 |  12 |  713.1 |
         Abyss |     54 |     54 |      0 |      0 |      1 |   2 |   27.0 |
               +--------+--------+--------+--------+--------+-----+--------+

Top non-repeatable levels by time:
     D:3: 944 daAuts
     D:9: 899 daAuts
    D:10: 883 daAuts
     D:1: 881 daAuts
     D:2: 810 daAuts
     D:6: 689 daAuts
    D:11: 643 daAuts
    D:12: 590 daAuts
     D:8: 589 daAuts
     D:4: 571 daAuts
     D:5: 568 daAuts
     D:7: 485 daAuts
 Abyss:2: 33 daAuts
 Abyss:1: 21 daAuts
